 Dungeon Crawl Stone Soup version 0.23.2-33-g5129a83184 (webtiles) character file.

Game seed: 3155630607866429243

656 misha the Spear-Bearer (level 7, -3/54 HPs)
             Began as a Merfolk Fighter on July 26, 2019.
             Was an Initiate of Trog.
             Slain by an ogre
             ... wielding a +0 giant club
              (12 damage)
             ... on level 4 of the Dungeon.
             The game lasted 00:12:38 (3542 turns).

misha the Spear-Bearer (Merfolk Fighter)            Turns: 3542, Time: 00:12:38

Health: -3/54      AC: 13    Str: 18    XL:     7   Next: 55%
Magic:  7/7        EV:  5    Int:  8    God:    Trog [......]
Gold:   161        SH:  9    Dex: 13    Spells: 6/6 levels left

rFire    + . .     SeeInvis .   a - +0 trident
rCold    + . .     Gourm    .   c - +0 shield
rNeg     . . .     Faith    .   C - +0 chain mail
rPois    .         Spirit   .   (no helmet)
rElec    .         Reflect  .   h - +2 cloak
rCorr    .         Harm     .   (no gloves)
MR       .....                  p - +0 pair of boots
Stlth    ..........             (no amulet)
HPRegen  0.18/turn              t - ring of protection from cold
MPRegen  0.10/turn              A - ring of protection from fire

@: no status effects
A: change form in water, swift swim, stealthy swim
a: Renounce Religion


You were on level 4 of the Dungeon.
You worshipped Trog.
Trog was noncommittal.
You were hungry.

You visited 2 branches of the dungeon, and saw 5 of its levels.

You collected 161 gold pieces.

Inventory:

Hand Weapons
 a - a +0 trident (weapon)
Missiles
 b - 4 poisoned tomahawks (quivered)
Armour
 c - a +0 shield (worn)
 h - a +2 cloak (worn)
 p - a +0 pair of boots (worn)
 C - a +0 chain mail (worn)
Jewellery
 i - an uncursed ring of stealth
 t - a ring of protection from cold (left hand)
 w - an uncursed amulet of guardian spirit
 A - a ring of protection from fire (right hand)
Wands
 q - a wand of disintegration (6)
 u - a wand of flame (6)
Scrolls
 e - 2 scrolls of fear
 k - 3 scrolls of teleportation
 l - a scroll of random uselessness {unknown}
 n - 4 scrolls of remove curse {unknown}
 o - a scroll of blinking {unknown}
 z - 2 scrolls of enchant armour {unknown}
Potions
 d - 3 potions of might
 g - a potion of lignification
 j - a potion of brilliance
 m - a potion of resistance
 r - 2 potions of degeneration {unknown}
 s - 4 potions of curing
 v - a potion of flight {unknown}
 x - a potion of magic {unknown}
Comestibles
 f - 4 rations


   Skills:
 + Level 4.3 Fighting
 * Level 9.6 Polearms
 - Level 2.3 Armour
 + Level 4.5 Shields
 + Level 0.5 Unarmed Combat
 + Level 0.6 Evocations


You had 6 spell levels left.
You didn't know any spells.
Your spell library contained the following spells:

 Spells                   Type           Power        Failure   Level  Hunger
 Summon Small Mammal      Summ           #...         100%        1    ##.....
 Call Imp                 Summ           #.......     100%        2    ###....
 Call Canine Familiar     Summ           #.......     100%        3    ####...
 Summon Guardian Golem    Hex/Summ       #.......     100%        3    ####...
 Summon Ice Beast         Ice/Summ       #.......     100%        4    #####..
 Summon Lightning Spire   Summ/Air       #.......     100%        4    #####..


Dungeon Overview and Level Annotations

Branches:
Dungeon (4/15)             Temple (1/1) D:4

Altars:
Ashenzari
Cheibriados
Dithmenos
Fedhas
Hepliaklqana
Kikubaaqudgha
Makhleb
Sif Muna
Trog
Vehumet
Zin
Jiyva


Message History

You block the ogre's attack.
The orc priest mumbles some strange prayers to Beogh against you.
Pain shoots through your body!
You puncture the ogre!
The ogre is heavily wounded.
The ogre hits you with a +0 giant club!
The orc priest hits you but does no damage.
Your shield and chain mail prevent you from hitting the ogre.
The ogre is heavily wounded.
Your shield and chain mail prevent you from hitting the ogre.
The ogre is heavily wounded.
The ogre hits you with a +0 giant club!!
* * * LOW HITPOINT WARNING * * *
The orc priest hits you with a +0 flail.
* * * LOW HITPOINT WARNING * * *
You are too injured to fight recklessly!
It was a potion of curing.
You feel better.
The orc priest hits you but does no damage.
The ogre hits you with a +0 giant club!
You die...

#.. .... #.. ....# #..
.....# ##############..
......# #...............
.......##..##...........
.......#.>######.....###
.........## #######
......†@.# ......Oo.#
......o.## ....o...#
.......## .......
......# .....#


You could see an ogre, an orc priest and 2 orcs.

Vanquished Creatures
  Grinder (D:3)
  Sigmund (D:2)
  A howler monkey (D:4)
  An orc priest (D:3)
  Ijyb (D:3)
  Natasha (D:3)
  A hound zombie (D:3)
  Robin (D:3)
  3 gnolls (D:2)
  4 adders
  An ooze (D:3)
  3 worms
  A leopard gecko (D:3)
  3 orcs (D:3)
  8 bats
  2 giant cockroaches (D:3)
  15 goblins
  7 hobgoblins
  8 jackals
  9 kobolds
  A quokka (D:4)
  3 frilled lizards
  4 rats
80 creatures vanquished.

Notes
Turn   | Place    | Note
-------+----------+-------------------------------------------
     0 | D:1      | misha the Merfolk Fighter began the quest for the Orb.
     0 | D:1      | Reached XP level 1. HP: 18/18 MP: 1/1
    77 | D:1      | Reached XP level 2. HP: 10/24 MP: 2/2
   937 | D:2      | Reached XP level 3. HP: 12/29 MP: 3/3
  1148 | D:2      | Reached skill level 4 in Polearms
  1431 | D:2      | Noticed Sigmund
  1693 | D:2      | Killed Sigmund
  1693 | D:2      | Reached skill level 6 in Polearms
  1693 | D:2      | Reached XP level 4. HP: 37/37 MP: 4/4
  1693 | D:2      | Reached XP level 5. HP: 42/42 MP: 5/5
  1706 | D:2      | Reached skill level 7 in Polearms
  1783 | D:2      | Reached XP level 6. HP: 30/48 MP: 6/6
  2163 | D:3      | Noticed Ijyb
  2176 | D:3      | Killed Ijyb
  2190 | D:3      | Noticed Grinder
  2197 | D:3      | Killed Grinder
  2197 | D:3      | Reached skill level 8 in Polearms
  2197 | D:3      | Reached XP level 7. HP: 49/54 MP: 7/7
  2277 | D:3      | Reached skill level 9 in Polearms
  2376 | D:3      | You fall through a shaft!
  3089 | D:4      | Found a staircase to the Ecumenical Temple.
  3093 | D:4      | Noticed Robin
  3106 | Temple   | Entered the Ecumenical Temple
  3225 | Temple   | Became a worshipper of Trog the Wrathful
  3243 | D:4      | Noticed Natasha
  3305 | D:3      | Killed Natasha
  3362 | D:3      | Killed Robin
  3541 | D:4      | HP: 2/54 [orc priest/+0 flail (5)]
  3542 | D:4      | Slain by an ogre

Skill      XL: |  1  2  3  4  5  6  7 |
---------------+----------------------+-----
Polearms       | 6 7 8 9 |  9.6
Fighting       | 4 |  4.3
Shields        | 4 |  4.5
Armour         | |  2.3
Unarmed Combat | |  0.5
Evocations     | |  0.6

Action                   |  1- 3 |  4- 6 |  7- 9 || total
-------------------------+-------+-------+-------++-------
Melee: Trident           |   109 |    71 |   130 ||   310
       Unarmed           |       |    19 |       ||    19
Evoke: Wand              |     2 |     3 |     1 ||     6
  Use: Scroll            |     4 |       |     2 ||     6
       Potion            |       |       |     1 ||     1
 Stab: Distracted        |       |       |     1 ||     1
  Eat: Chunk             |     2 |     2 |     4 ||     8
Armor: Scale mail        |    30 |    20 |    12 ||    62
       Chain mail        |       |       |    70 ||    70
Dodge: Dodged            |    26 |    11 |    36 ||    73
Block: Shield            |    42 |    36 |    61 ||   139
